AoeStats
← TheKehribar

Black Forest

510426202Analyzed
4v4 RM · 1d ago on Oct 1, 2026· 69m 28s· 8 players
Game mode
Random Map
Map size
Large (8 player)
Population
200
Speed
Normal
Resources
Standard
Victory
Conquest
Starting age
Dark Age
Ending age
Imperial Age
RankedLock teamsTeams togetherTeam positionsShared explorationLock speedFull tech treeHidden civsTurbo modeCheats
Victory
Defeat
🇧🇷 Bohemians · Brazil
818
+15
🇧🇷 Franks · Brazil
809
+32
🇧🇷 Khmer · Brazil
808
+16
🇧🇷 Saxons · Brazil
786
+17
🇩🇰 Celts · Denmark
823
-17
🇨🇦 Teutons · Canada
804
-38
🇹🇷 Burmese · Türkiye
801
-16
🇹🇷 Persians · Türkiye
780
-15
epic porc epic
13:38 Feudal Age
15:32 Wheelbarrow
14:45 Horse Collar
14:53 Double-Bit Axe
16:31 Wheelbarrow
16:35 Gold Mining
17:59 Town Watch
18:22 Man-at-Arms
18:49 Arson
21:02 Bloodlines
22:18 Scale Mail Armor
22:23 Scale Barding Armor
22:30 Forging
23:43 Stone Mining
27:43 Castle Age
28:39 Hand Cart
29:24 Bow Saw
29:29 Heavy Plow
29:39 Pikeman
30:19 Squires
32:19 Stone Shaft Mining
31:46 Elite Skirmisher
31:49 Crossbowman
32:49 Chain Mail Armor
32:55 Chain Barding Armor
32:37 Padded Archer Armor
34:27 Ironclad
34:02 Gambesons
34:34 Leather Archer Armor
34:10 Fletching
34:16 Fletching
36:51 Ballistics
36:23 Heated Shot
36:25 Guard Tower
37:20 Fortified Wall
40:15 Imperial Age
42:04 Chemistry
41:22 Arrowslits
42:15 Plate Mail Armor
42:18 Masonry
42:14 Siege Engineers
43:47 Crenellations
44:06 Halberdier
45:05 Long Swordsman
46:01 Bodkin Arrow
46:37 Ring Archer Armor
46:47 Plate Barding Armor
46:49 Iron Casting
47:58 Elite Teutonic Knight
62:54 Heavy Mounted Crossbowman
65:55 Blast Furnace
Allspark
0:29 Loom
13:00 Feudal Age
17:20 Gold Mining
20:30 Castle Age
18:37 Stone Mining
18:38 Double-Bit Axe
18:34 Horse Collar
26:02 Heavy Plow
27:40 Wheelbarrow
33:38 Imperial Age
32:38 Gold Shaft Mining
32:40 Stone Shaft Mining
35:03 Hand Cart
34:34 Town Watch
35:01 Scale Barding Armor
35:07 Forging
34:48 Fletching
34:58 Padded Archer Armor
35:21 Ballistics
36:32 Bloodlines
36:24 Husbandry
36:14 Cavalier
37:40 Conscription
38:39 Crop Rotation
38:27 Bow Saw
38:52 Kamandaran
39:58 Thumb Ring
39:16 Crossbowman
40:16 Bodkin Arrow
40:38 Leather Archer Armor
41:44 Iron Casting
41:29 Chain Barding Armor
42:19 Chemistry
41:19 Light Cavalry
42:36 Ring Archer Armor
42:47 Elite War Elephant
45:00 Blast Furnace
46:04 Two-Man Saw
45:03 Savar
46:55 Plate Barding Armor
50:26 Scale Mail Armor
51:27 Hussar
56:15 Chain Mail Armor
Like_2_win2
0:37 Loom
11:51 Feudal Age
13:41 Wheelbarrow
12:56 Double-Bit Axe
18:46 Castle Age
18:07 Stone Mining
20:23 Hand Cart
20:37 Horse Collar
21:51 Bow Saw
24:55 Gold Mining
25:36 Man-at-Arms
29:24 Gold Shaft Mining
32:51 Imperial Age
31:28 Caravan
32:54 Town Watch
33:55 Onager
36:28 Chemistry
35:56 Town Patrol
36:56 Heavy Scorpion
38:34 Ballistics
39:30 Siege Engineers
39:43 Forging
39:34 Padded Archer Armor
39:25 Fletching
39:55 Heavy Plow
40:19 Furor Celtica
40:07 Gambesons
41:26 Stronghold
43:05 Iron Casting
42:27 Murder Holes
43:54 Siege Onager
46:01 Conscription
46:17 Hoardings
45:57 Masonry
48:50 Fortified Wall
49:44 Blast Furnace
48:59 Leather Archer Armor
48:46 Scale Mail Armor
52:18 Chain Mail Armor
55:46 Bodkin Arrow
TheKehribar
0:51 Loom
13:54 Feudal Age
16:35 Wheelbarrow
15:46 Horse Collar
24:02 Castle Age
22:29 Forging
22:20 Scale Mail Armor
24:02 Gold Mining
24:03 Stone Mining
25:08 Heavy Plow
25:28 Caravan
26:15 Gold Shaft Mining
26:01 Hand Cart
25:44 Gambesons
26:03 Squires
25:55 Arson
26:21 Pikeman
29:06 Ballistics
29:23 Chain Mail Armor
29:44 Iron Casting
30:44 Town Watch
31:54 Town Patrol
36:28 Imperial Age
36:34 Treadmill Crane
36:53 Heavy Scorpion
37:02 Halberdier
38:45 Blast Furnace
38:16 Plate Mail Armor
38:52 Chemistry
38:39 Crop Rotation
41:54 Bloodlines
41:45 Husbandry
41:53 Scale Barding Armor
41:47 Light Cavalry
42:34 Hussar
44:38 Chain Barding Armor
46:18 Manipur Cavalry
46:59 Plate Barding Armor
46:16 Cavalier
Mikro
11:37 Feudal Age
16:27 Castle Age
14:19 Double-Bit Axe
14:18 Horse Collar
17:38 Bow Saw
18:07 Wheelbarrow
18:18 Heavy Plow
21:17 Gold Mining
22:29 Stone Mining
24:06 Gold Shaft Mining
24:47 Hand Cart
26:19 Caravan
28:25 Forging
28:16 Scale Mail Armor
28:06 Fletching
29:33 Loom
29:35 Town Watch
29:40 Arson
29:55 Squires
29:41 Gambesons
31:25 Iron Casting
31:05 Chain Mail Armor
30:40 Fletching
30:31 Clerical Recruitment
31:35 Redemption
32:43 Masonry
32:29 Murder Holes
32:44 Fortified Wall
32:56 Ballistics
32:17 Treadmill Crane
35:51 Imperial Age
34:03 Guard Tower
34:10 Bodkin Arrow
35:56 Atonement
36:17 Sanctity
36:05 Town Patrol
36:59 Guilds
37:53 Two-Man Saw
37:25 Crop Rotation
36:18 Elite Varangian Guard
37:22 Conscription
36:24 Shield Wall
37:40 Hoardings
38:25 Theocracy
38:05 Block Printing
38:21 Illumination
37:19 Elite Hearth Troop
39:30 Bracer
40:00 Plate Mail Armor
40:03 Architecture
39:38 Siege Engineers
40:12 Keep
39:22 Arrowslits
42:46 Chemistry
49:59 Devotion
Sardinha
13:47 Feudal Age
16:37 Castle Age
14:56 Double-Bit Axe
14:54 Horse Collar
15:52 Wheelbarrow
17:29 Bow Saw
19:00 Heavy Plow
23:27 Stone Mining
23:30 Gold Mining
25:23 Hand Cart
26:05 Gold Shaft Mining
26:09 Stone Shaft Mining
31:33 Tusk Swords
34:57 Imperial Age
33:54 Caravan
35:23 Loom
35:28 Town Watch
36:52 Murder Holes
37:18 Ballistics
37:09 Fortified Wall
37:14 Forging
37:04 Padded Archer Armor
36:55 Fletching
37:12 Light Cavalry
38:02 Bloodlines
38:59 Chemistry
38:39 Iron Casting
38:49 Double Crossbow
38:21 Elite Ballista Elephant
39:30 Conscription
39:21 Siege Engineers
39:35 Leather Archer Armor
39:22 Bodkin Arrow
41:02 Hussar
43:34 Blast Furnace
42:35 Bracer
42:51 Leather Archer Armor
42:42 Scale Barding Armor
joaovlogs
13:18 Feudal Age
19:06 Castle Age
23:00 Wheelbarrow
22:17 Double-Bit Axe
24:04 Bow Saw
26:51 Chemistry
27:31 Hand Cart
30:02 Masonry
35:26 Imperial Age
33:51 Ballistics
34:32 Loom
34:33 Town Watch
37:32 Two-Man Saw
37:08 Architecture
36:42 Caravan
36:27 Horse Collar
37:06 Houfnice
38:42 Conscription
38:03 Elite Skirmisher
38:04 Crossbowman
38:49 Scale Mail Armor
39:16 Heavy Plow
40:46 Town Patrol
40:37 Arrowslits
41:08 Guilds
41:14 Forging
40:26 Man-at-Arms
41:42 Wagenburg Tactics
42:50 Long Swordsman
42:51 Pikeman
43:31 Squires
43:16 Arson
44:51 Siege Engineers
44:56 Fortified Wall
44:37 Guard Tower
47:12 Iron Casting
46:27 Fletching
46:38 Padded Archer Armor
46:53 Chain Mail Armor
46:22 Two-Handed Swordsman
46:22 Halberdier
48:07 Coinage
48:48 Bombard Tower
49:03 Keep
48:24 Murder Holes
48:40 Scale Barding Armor
49:36 Hussite Reforms
49:51 Leather Archer Armor
50:57 Champion
51:49 Arbalester
53:46 Blast Furnace
55:13 Banking
63:52 Blast Furnace
62:47 Bodkin Arrow
63:23 Ring Archer Armor
63:23 Plate Mail Armor
63:14 Chain Barding Armor
snp
14:03 Feudal Age
15:22 Double-Bit Axe
15:33 Loom
16:24 Wheelbarrow
17:34 Town Watch
20:40 Castle Age
26:26 Caravan
27:17 Bow Saw
28:34 Hand Cart
28:40 Hand Cart
28:59 Coinage
29:09 Husbandry
29:30 Light Cavalry
32:01 Scale Mail Armor
32:06 Scale Barding Armor
32:13 Forging
36:56 Imperial Age
35:40 Chain Barding Armor
35:35 Chain Mail Armor
36:08 Iron Casting
36:59 Cavalier
37:12 Heavy Scorpion
39:03 Banking
40:01 Gold Mining
40:02 Stone Mining
39:59 Paladin
43:38 Plate Barding Armor
43:34 Plate Mail Armor
44:04 Blast Furnace
43:45 Chivalry
44:17 Conscription
45:03 Gold Shaft Mining
45:43 Padded Archer Armor
45:37 Guard Tower
45:33 Arrowslits
55:59 Ballistics
56:40 Chemistry
55:51 Fortified Wall
55:23 Treadmill Crane
56:18 Ordonnance Companies
Connection lost

Rejoining the realm…

Still unreachable

The connection could not be restored.

Session expired

The server has moved on; the page needs a fresh start.